 Dungeon Crawl Stone Soup version 0.29-a0-845-g6161e89988 (webtiles) character file.

Game seed: 1039801472022547905

553 jfcaron the Ducker (level 7, -2/60 HPs)
             Began as a Gnoll Monk on July 15, 2022.
             Slain by an iguana (8 damage)
             ... on level 4 of the Dungeon.
             The game lasted 00:08:45 (3193 turns).

jfcaron the Ducker (Gnoll Monk)                     Turns: 3193, Time: 00:08:46

Health: -2/60      AC:  8    Str: 10    XL:     7   Next: 29%
Magic:  10/10      EV: 14    Int: 11    God:
Gold:   320        SH:  4    Dex: 15    Spells: 11/11 levels left

rFire   + . .      SeeInvis .   a - +0 spear
rCold   . . .      Faith    .   h - +0 buckler
rNeg    . . .      Spirit   .   t - +1 leather armour {rF+}
rPois   +          Reflect  .   (no helmet)
rElec   .          Harm     .   f - +0 cloak
rCorr   .          Rampage  .   (no gloves)
Will    .....                   m - +2 pair of boots
Stlth   +++.......              (no amulet)
HPRegen 0.20/turn               d - ring of poison resistance
MPRegen 0.12/turn               (no ring)

@: no status effects
A: fangs 1, strong nose, distributed training
a: no special abilities


You were on level 4 of the Dungeon.
You visited 1 branch of the dungeon, and saw 4 of its levels.

You collected 320 gold pieces.

Inventory:

Hand Weapons
 a - a +0 spear (weapon)
Armour
 f - a +0 cloak (worn)
 h - a +0 buckler (worn)
 m - a +2 pair of boots (worn)
 t - a +1 leather armour of fire resistance (worn)
 u - a scarf of shadows
Jewellery
 d - a ring of poison resistance (left hand)
Wands
 s - a wand of digging (8)
Scrolls
 b - a scroll of immolation {unknown}
 g - a scroll of vulnerability
 r - 2 scrolls of fog
Potions
 c - 2 potions of ambrosia
 e - a potion of invisibility
 i - a potion of resistance
 j - a potion of flight
 k - a potion of attraction
 l - a potion of mutation
 v - 3 potions of curing
 x - a potion of lignification
 A - a potion of haste


   Skills:
 + Level 7.0 Fighting
 + Level 2.5 Short Blades
 + Level 2.5 Long Blades
 + Level 2.5 Axes
 + Level 2.5 Maces & Flails
 + Level 7.0 Polearms
 + Level 2.5 Staves
 + Level 2.5 Ranged Weapons
 + Level 2.5 Throwing
 + Level 2.5 Armour
 + Level 7.0 Dodging
 + Level 4.9 Stealth
 + Level 2.5 Shields
 + Level 2.5 Unarmed Combat
 + Level 2.5 Spellcasting
 + Level 2.0 Conjurations
 + Level 2.0 Hexes
 + Level 2.0 Summonings
 + Level 2.0 Necromancy
 + Level 2.0 Translocations
 + Level 2.0 Transmutations
 + Level 2.0 Fire Magic
 + Level 2.0 Ice Magic
 + Level 2.0 Air Magic
 + Level 2.0 Earth Magic
 + Level 2.0 Poison Magic
 + Level 2.7 Invocations
 + Level 2.5 Evocations


You had 11 spell levels left.
You didn't know any spells.
Your spell library contained the following spells:

 Spells                   Type           Power      Damage    Failure   Level
 Freeze                   Ice            20%        1d4       22%         1
 Sandblast                Erth           10%        2d5       22%         1
 Ensorcelled Hibernation  Hex/Ice        10%        N/A       32%         2
 Passwall                 Tmut/Erth      4%         N/A       32%         2
 Frozen Ramparts          Ice            10%        1d3       54%         3
 Spider Form              Tmut/Pois      5%         N/A       54%         3
 Stone Arrow              Conj/Erth      10%        3d7       54%         3
 Anguish                  Hex/Necr       2%         N/A       91%         4
 Hailstorm                Conj/Ice       5%         3d4       91%         4


Dungeon Overview and Level Annotations

Branches:
Dungeon (4/15)
 Temple: D:4-7

Altars:


Innate Abilities, Weirdness & Mutations

You have very sharp teeth.
Your uncanny sense of smell can sniff out nearby items.
Your experience applies equally to all skills.


Message History

You barely miss the iguana.
The iguana is moderately wounded.
The iguana closely misses you.
You hit the iguana but do no damage.
The iguana is moderately wounded.
The iguana bites you.
You barely miss the iguana.
The iguana is moderately wounded.
The iguana misses you.
You hit the iguana but do no damage.
The iguana is moderately wounded.
You barely miss the iguana.
The iguana is moderately wounded.
The iguana barely misses you.
You hit the iguana.
The iguana is heavily wounded.
The iguana bites you!
You are too injured to fight recklessly!
You are too injured to fight recklessly!
You are too injured to fight recklessly!
You hit the iguana but do no damage.
The iguana is heavily wounded.
You block the iguana's attack.
You barely miss the iguana.
The iguana is heavily wounded.
You hit the iguana.
The iguana is heavily wounded.
The iguana bites you but does no damage.
You closely miss the iguana.
The iguana is heavily wounded.
The iguana bites you!
* * * LOW HITPOINT WARNING * * *
You hit the iguana but do no damage. Your bite misses the iguana.
The iguana is heavily wounded.
The iguana bites you!
* * * LOW HITPOINT WARNING * * *
You hit the iguana.
The iguana is almost dead.
The iguana bites you!
You die...

..####......................#
#.##..........#########.....#
#.#......).####.......###..##
#........###...........)...#
#........#........⌠[.......#
#.)......#...............###
#.#.....##..###.......####
#.##....#.....#########(
#..###..#.......@l)....(
##..<####⌠..............
........#####...........
.....##.....############
..............K....# #
....#######..#####.# #
....'.....).># #.###### ###
....########## #......# #.#
....# ######.# #..


You could see an iguana.

Vanquished Creatures
  Grinder (D:3)
  An ogre (D:4)
  A phantom (D:4)
  A killer bee (D:3)
  A jelly (D:3)
  3 adders
  A gnoll (D:4)
  3 dart slugs
  2 orcs
  4 ball pythons
  4 bats
  6 endoplasms
  4 giant cockroaches
  5 hobgoblins
  5 quokkas
  4 frilled lizards
  4 goblins
  9 kobolds
  2 rats (D:1)
  2 plants (D:2)
63 creatures vanquished.

Notes
Turn   | Place    | Note
-------+----------+-------------------------------------------
     0 | D:1      | jfcaron the Gnoll Monk began the quest for the Orb.
     0 | D:1      | Reached XP level 1. HP: 23/23 MP: 1/1
    71 | D:1      | Reached XP level 2. HP: 29/29 MP: 2/2
   366 | D:1      | Found a faded altar of an unknown god.
   385 | D:1      | Reached XP level 3. HP: 35/35 MP: 3/3
  1139 | D:2      | Reached skill level 1 in Invocations
  1346 | D:2      | Reached skill level 1 in Short Blades
  1346 | D:2      | Reached skill level 1 in Long Blades
  1346 | D:2      | Reached skill level 1 in Axes
  1346 | D:2      | Reached skill level 1 in Maces & Flails
  1346 | D:2      | Reached skill level 1 in Staves
  1346 | D:2      | Reached skill level 1 in Ranged Weapons
  1346 | D:2      | Reached skill level 1 in Throwing
  1346 | D:2      | Reached skill level 1 in Armour
  1346 | D:2      | Reached skill level 1 in Shields
  1346 | D:2      | Reached skill level 1 in Unarmed Combat
  1346 | D:2      | Reached skill level 1 in Spellcasting
  1346 | D:2      | Reached skill level 1 in Evocations
  1700 | D:2      | Reached XP level 4. HP: 41/41 MP: 5/5
  1806 | D:3      | Noticed Ijyb
  1808 | D:3      | Noticed Ijyb
  1808 | D:3      | Ijyb changed into Ijyb the killer bee
  1822 | D:3      | HP: 5/41 [Ijyb the killer bee (8)]
  1826 | D:3      | Killed Ijyb the killer bee
  1827 | D:3      | Reached skill level 1 in Conjurations
  1827 | D:3      | Reached skill level 1 in Hexes
  1827 | D:3      | Reached skill level 1 in Summonings
  1827 | D:3      | Reached skill level 1 in Necromancy
  1827 | D:3      | Reached skill level 1 in Translocations
  1827 | D:3      | Reached skill level 1 in Transmutations
  1827 | D:3      | Reached skill level 1 in Fire Magic
  1827 | D:3      | Reached skill level 1 in Ice Magic
  1827 | D:3      | Reached skill level 1 in Air Magic
  1827 | D:3      | Reached skill level 1 in Earth Magic
  1827 | D:3      | Reached skill level 1 in Poison Magic
  2149 | D:3      | Noticed Grinder
  2162 | D:2      | Reached XP level 5. HP: 46/47 MP: 7/7
  2189 | D:3      | Paralysed by Grinder for 5 turns
  2201 | D:3      | Paralysed by Grinder for 3 turns
  2206 | D:3      | HP: 9/47 [Grinder (4)]
  2220 | D:3      | Paralysed by Grinder for 3 turns
  2230 | D:3      | HP: 7/47 [Grinder (4)]
  2232 | D:3      | Killed Grinder
  2233 | D:3      | Reached XP level 6. HP: 9/53 MP: 7/9
  2532 | D:3      | Noticed Sigmund
  2534 | D:3      | Noticed Sigmund
  2541 | D:3      | Killed Sigmund the jelly
  2968 | D:4      | Reached XP level 7. HP: 40/60 MP: 10/10
  3192 | D:4      | HP: 6/60 [iguana (10)]
  3193 | D:4      | Slain by an iguana

Illustrated notes

Levels and vault maps discovered:
D:1:      lemuel_arrival_lava_pool, layout_basic,
          shapermc_ecumenical_altar_starsandcircs, dreamdust_mushroom_princess
D:2:      layout_basic, serial_bayou_pond_b, bh_walls_and_bars
D:3:      layout_basic, serial_glass, glass_columns_c, glass_columns_a,
          feat_on_display, uniq_grinder, uniq_sigmund, uniq_ijyb
D:4:      kennysheep_spiral_hall, layout_basic

Skill      XL: |  1  2  3  4  5  6  7 |
---------------+----------------------+-----
Invocations    | 1 2 |  2.7
Short Blades   | 1 2 |  2.5
Long Blades    | 1 2 |  2.5
Axes           | 1 2 |  2.5
Maces & Flails | 1 2 |  2.5
Staves         | 1 2 |  2.5
Ranged Weapons | 1 2 |  2.5
Throwing       | 1 2 |  2.5
Armour         | 1 2 |  2.5
Shields        | 1 2 |  2.5
Unarmed Combat | 1 2 |  2.5
Spellcasting   | 1 2 |  2.5
Evocations     | 1 2 |  2.5
Conjurations   | 1 2 |  2.0
Hexes          | 1 2 |  2.0
Summonings     | 1 2 |  2.0
Necromancy     | 1 2 |  2.0
Translocations | 1 2 |  2.0
Transmutations | 1 2 |  2.0
Fire Magic     | 1 2 |  2.0
Ice Magic      | 1 2 |  2.0
Air Magic      | 1 2 |  2.0
Earth Magic    | 1 2 |  2.0
Poison Magic   | 1 2 |  2.0
Fighting       | 7 |  7.0
Polearms       | 7 |  7.0
Dodging        | 7 |  7.0
Stealth        | |  4.9

Action                   |  1- 3 |  4- 6 |  7- 9 || total
-------------------------+-------+-------+-------++-------
Melee: Spear             |   123 |   113 |    55 ||   291
       Bite              |     9 |    13 |     3 ||    25
Throw: Stone             |    14 |     9 |     9 ||    32
       Dart              |       |    13 |     5 ||    18
Evoke: Wand              |       |     5 |       ||     5
  Use: Potion            |       |     5 |       ||     5
       Scroll            |       |    14 |     1 ||    15
 Stab: Sleeping          |    13 |       |       ||    13
       Invisible         |       |     2 |       ||     2
Armor: Robe              |     5 |       |       ||     5
       Ring mail         |    11 |    24 |       ||    35
       Leather armour    |       |       |    11 ||    11
Dodge: Dodged            |    39 |    43 |    13 ||    95
Block: Buckler           |     6 |    13 |     5 ||    24

Table legend: (Time is in decaauts)
 A = Elapsed time spent in this place.
 B = Non-inter-level travel time spent in this place.
 C = Inter-level travel time spent in this place.
 D = Time resting spent in this place.
 E = Time spent auto-exploring this place.
 F = Levels seen in this place.
 G = Mean time per level.
                   A        B        C        D        E       F      G
               +--------+--------+--------+--------+--------+-----+--------+
         Total |   3141 |   2956 |    185 |    343 |   1979 |   4 |  785.2 |
       Dungeon |   3141 |   2956 |    185 |    343 |   1979 |   4 |  785.2 |
               +--------+--------+--------+--------+--------+-----+--------+

Top non-repeatable levels by time:
     D:1: 1040 daAuts
     D:3: 973 daAuts
     D:2: 739 daAuts
     D:4: 387 daAuts
